Map: Equilibrium LE

Players

AZA - Winner!

  • Race: Terran Terran
  • Spawn Location: 1:00

SubN

  • Race: Protoss Protoss
  • League: Diamond
  • Spawn Location: 11:00

VOD

Have the link to the VOD?

Description

Time

  • Played on: Nov. 19, 2023, 1:40 p.m.
  • Length: 10:32
Show
View Real Time Build Order
Export as new Build Order

AZA Terran - Winner!

Build Orders: Reaper Expand, Mech 

Get SALT Encoding   

  12  0:00  SCV  
  13  0:12  SCV  
  14  0:17  Supply Depot  
  14  0:24  SCV  
  15  0:39  Barracks, SCV  
  16  0:44  Refinery  
  16  0:51  SCV  
  17  1:03  SCV  
  18  1:15  SCV  
  19  1:28  Reaper  
  19  1:30  Orbital Command  
  20  1:45  Command Center  
  20  1:54  Supply Depot  
  20  1:57  SCV  
  21  2:01  Marine  
  22  2:09  SCV  
  23  2:17  Factory  
  23  2:20  Refinery  
  23  2:21  SCV  
  24  2:23  Barracks Reactor  
  24  2:32  Bunker  
  24  2:35  SCV  
  25  2:47  SCV  
  25  2:57  Orbital Command  
  25  2:59  SCV  
  26  3:05  Starport  
  26  3:11  SCV  
  26  3:12  Barracks Tech Lab  
  27  3:16  Supply Depot  
  27  3:19  Supply Depot  
  27  3:23  SCV  
  27  3:24  Refinery, Widow Mine  
  30  3:27  Cyclone  
  30  3:30  SCV  
  33  3:35  SCV  
  34  3:42  SCV  
  35  3:51  Raven  
  35  3:53  SCV  
  35  3:54  SCV  
  39  3:57  Supply Depot  
  39  4:01  Command Center  
  39  4:05  SCV  
  39  4:08  Factory  
  39  4:09  Barracks Tech Lab  
  40  4:11  SCV  
  41  4:17  SCV  
  41  4:24  Engineering Bay, SCV  
  43  4:29  SCV  
  44  4:32  Armory  
  44  4:36  SCV, Medivac  
  47  4:41  SCV  
  48  4:45  Refinery  
  48  4:48  SCV  
  49  4:53  SCV  
  49  4:56  Cyclone x2  
  54  5:02  SCV  
  54  5:05  SCV  
  54  5:06  Supply Depot, Siege Tank  
  59  5:14  SCV  
  61  5:21  SCV  
  61  5:24  Banshee  
  61  5:26  SCV  
  65  5:33  Terran Vehicle Weapons Level 1, SCV  
  65  5:35  Hellion x2  
  70  5:38  SCV  
  70  5:40  Command Center  
  71  5:45  SCV  
  71  5:47  Siege Tank  
  75  5:50  SCV  
  76  6:04  SCV x2  
  76  6:05  Hellion x2  
  76  6:07  Infernal Pre-Igniter  
  76  6:09  Barracks Tech Lab  
  82  6:12  Factory  
  82  6:16  SCV x2  
  80  6:36  Hellbat  
  80  6:37  Hellbat  
  84  6:41  Planetary Fortress  
  84  6:51  Thor  
  91  6:54  SCV x2  
  91  6:56  Orbital Command  
  91  6:58  Missile Turret  
  91  7:00  Missile Turret  
  92  7:03  Refinery  
  92  7:07  Missile Turret  
  94  7:08  Hellbat  
  94  7:09  Refinery, Hellbat  
  94  7:11  Missile Turret, Factory  
  96  7:18  Barracks Tech Lab  
  96  7:25  Missile Turret  
  96  7:28  Armory  
  96  7:32  Missile Turret  
  96  7:33  SCV  
  96  7:35  SCV  
  98  7:47  Hellbat  
  98  7:50  Supply Depot  
  100  7:52  Supply Depot, Terran Vehicle And Ship Armor Level 1  
  100  7:53  Missile Turret  
  100  7:59  SCV x2  
  100  8:02  Factory  
  100  8:03  Hellbat, Siege Tank  
  100  8:04  Barracks Reactor  
  97  8:07  Thor  
  79  8:44  Siege Tank  
  79  8:45  Hellbat x2  
  81  8:54  Siege Tank  
  79  8:58  Hellbat x2  
  79  9:02  SCV x4  
  87  9:06  Hellbat x2  
  87  9:08  Widow Mine  
  93  9:14  SCV x3  
  96  9:17  SCV  
  97  9:26  Siege Tank, SCV  
  97  9:27  Thor  
  97  9:28  Hellbat  
  97  9:29  Thor  
  108  9:32  Banshee  
  111  9:42  SCV  
  111  9:43  SCV  
  111  9:53  Hellbat x2  
  111  9:54  Hellbat x2  
  111  9:58  Supply Depot  
  112  10:01  Supply Depot  
  115  10:12  Supply Depot  
  115  10:13  SCV  
  116  10:16  SCV x2  
  116  10:18  SCV  
Show
View Real Time Build Order
Export as new Build Order

SubN Protoss 

Build Orders: 1 Gate Expand 

Get SALT Encoding   

  12  0:00  Probe  
  13  0:12  Probe  
  14  0:19  Pylon  
  14  0:24  Probe  
  15  0:37  Probe (Chrono Boost)  
  15  0:38  Gateway  
  16  0:49  Probe (Chrono Boost)  
  17  0:53  Assimilator  
  17  0:54  Probe (Chrono Boost)  
  18  1:04  Probe  
  19  1:16  Probe  
  20  1:26  Nexus  
  20  1:39  Cybernetics Core  
  20  1:46  Probe  
  21  1:50  Assimilator  
  21  1:58  Probe  
  22  2:02  Pylon  
  22  2:17  Adept (Chrono Boost)  
  22  2:20  Warp Gate  
  24  2:23  Probe  
  22  2:53  Probe x2 (Chrono Boost)  
  24  3:05  Probe x2 (Chrono Boost)  
  26  3:13  Probe (Chrono Boost), Robotics Facility  
  27  3:22  Pylon  
  27  3:23  Probe  
  28  3:27  Probe (Chrono Boost)  
  28  3:31  Stalker  
  31  3:35  Probe (Chrono Boost)  
  33  3:45  Probe (Chrono Boost)  
  33  3:46  Probe (Chrono Boost)  
  34  3:51  Probe (Chrono Boost)  
  34  3:52  Probe (Chrono Boost)  
  36  4:03  Probe  
  36  4:05  Gateway  
  36  4:06  Gateway  
  37  4:10  Gateway  
  37  4:15  Probe x2  
  39  4:27  Probe x2  
  39  4:31  Robotics Bay  
  41  4:39  Probe  
  41  4:40  Probe  
  43  4:51  Pylon, Probe  
  43  4:52  Probe  
  45  4:53  Pylon, Assimilator  
  45  4:54  Pylon  
  45  4:55  Assimilator  
  45  4:57  Observer  
  46  5:03  Probe  
  46  5:04  Probe  
  48  5:15  Extended Thermal Lance (Chrono Boost), Probe  
  48  5:16  Probe  
  50  5:27  Probe  
  50  5:28  Probe  
  51  5:32  Pylon  
  51  5:35  Pylon  
  48  5:39  Probe  
  48  5:40  Probe  
  48  5:42  Pylon  
  50  5:51  Probe  
  50  5:52  Gateway, Probe  
  50  5:53  Gateway  
  50  5:55  Gateway  
  52  5:58  Gateway  
  52  6:01  Gateway  
  52  6:04  Probe x2 (Chrono Boost)  
  45  6:08  Stalker x3  
  45  6:09  Stalker  
  53  6:12  Colossus (Chrono Boost)  
  53  6:16  Probe x2 (Chrono Boost)  
  61  6:23  Probe x2 (Chrono Boost)  
  63  6:30  Probe  
  63  6:31  Probe  
  65  6:39  Sentry x3  
  67  6:40  Sentry  
  67  6:42  Probe  
  67  6:43  Probe  
  71  6:58  Pylon, Probe (Chrono Boost)  
  71  6:59  Probe (Chrono Boost)  
  71  7:00  Colossus (Chrono Boost)  
  79  7:10  Probe (Chrono Boost)  
  80  7:17  Stalker  
  80  7:18  Stalker x2  
  86  7:28  Stalker x3  
  92  7:33  Pylon  
  92  7:44  Pylon  
  92  7:51  Colossus (Chrono Boost)  
  92  7:56  Stalker x4  
  105  7:58  Zealot x3  
  91  8:18  Stalker x4  
  91  8:19  Stalker  
  74  8:40  Stalker  
  74  8:41  Stalker x5  
  74  8:57  Stalker x3  
  80  9:04  Colossus  
  86  9:12  Stalker x2  
  84  9:31  Stalker x4  
  66  10:03  Stalker x2  
  66  10:04  Stalker x3  
  61  10:24  Stalker  
  61  10:25  Stalker x3  
Tags
 
Add a new tag
Caveats
  • Supply blocks, unpowered buildings, or Contaminate may cause inaccurate times.
  • Supply counts are checked every 10 seconds.